 Dungeon Crawl Stone Soup version 0.30.1 (webtiles) character file.

Game seed: 5838557693287739826

46 monsoonserge the Covered (level 4, 0/38 HPs)
             Began as a Meteoran Fighter on July 8, 2023.
             Slain by a gnoll
             ... wielding a +0 spear
              (4 damage)
             ... on level 2 of the Dungeon.
             The game lasted 00:03:31 (726 turns).

monsoonserge the Covered (Meteoran Fighter)          Turns: 726, Time: 00:03:32

Health: 0/38       AC:  7    Str: 20    XL:     4   Next: 15%
Magic:  5/5        EV:  9    Int:  9    God:
Gold:   51         SH:  5    Dex: 13    Spells: 3/3 levels left

rFire   . . .        a - +0 war axe
rCold   . . .        c - +0 buckler
rNeg    . . .        b - +0 scale mail
rPois   .            (no helmet)
rElec   .            (no cloak)
rCorr   .            (no gloves)
SInv    .            (no boots)
Will    .....        (no amulet) Stlth
                     m - ring of flight
HPRegen 0.26/turn    (no ring)
MPRegen 0.09/turn

%: no passive effects
@: flying, glowing
A: sense surroundings 1, otherworldly, glowing, explore regen
a: no special abilities


You were on level 2 of the Dungeon.
You visited 1 branch of the dungeon, and saw 2 of its levels.

You collected 51 gold pieces.

Inventory:

Hand Weapons
 a - a +0 war axe (weapon)
Armour
 b - a +0 scale mail (worn)
 c - a +0 buckler (worn)
Jewellery
 m - a ring of flight (left hand)
Scrolls
 e - a scroll of blinking {unknown}
 f - a scroll of teleportation {unknown}
 g - a scroll of immolation {unknown}
 h - 3 scrolls of identify {unknown}
 j - 2 scrolls of enchant armour {unknown}
Potions
 d - 2 potions of might
 i - a potion of flight {unknown}
 k - a potion of invisibility {unknown}
 l - a potion of curing {unknown}


   Skills:
 + Level 3.5 Fighting
 + Level 3.1 Axes
 + Level 4.6 Armour
 + Level 0.1 Dodging
 + Level 4.0 Shields


You had 3 spell levels left.
You didn't know any spells.
Your spell library contained the following spells:

 Spells                   Type           Power      Damage    Failure   Level
 Stone Arrow              Conj/Erth      0%         3d7       99%         3
 Animate Armour           Summ/Erth      0%         N/A       100%        4
 Lehudib's Crystal Spear  Conj/Erth      0%         10d2      100%        8


Dungeon Overview and Level Annotations

Branches:
Dungeon (2/15) Zot: 448

Altars:


Innate Abilities, Weirdness & Mutations

You passively map a small area around you.
You are easily found by Zot.
You glow in the dark.
You regain HP and MP as you explore.


Message History

A gnoll comes into view. It is wielding a +0 spear.
The gnoll shouts!
The gnoll throws a throwing net.
The throwing net closely misses you.
A gnoll comes into view. It is wielding a +2 spear of freezing.
The gnoll misses you.
You hit the gnoll.
The gnoll is moderately wounded.
You block the gnoll's attack.
You hit the gnoll.
The gnoll is lightly wounded.
The gnoll hits you from afar with a +0 spear!
You slash the gnoll!
You kill the gnoll!
You hit the gnoll. The gnoll hits you with a +0 club.
The gnoll hits you from afar with a +2 spear of freezing.
The gnoll freezes you. You block the gnoll's attack.
You have reached level 4!
You hit the gnoll.
The gnoll is severely wounded.
The gnoll hits you from afar with a +0 spear.
The gnoll hits you from afar with a +2 spear of freezing.
The gnoll freezes you. The gnoll closely misses you.
The gnoll hits you but does no damage. You block the gnoll's attack.
You closely miss the gnoll.
The gnoll is severely wounded.
You block the gnoll's attack.
The gnoll throws a throwing net.
The throwing net hits you.
You become entangled in the net!
The gnoll hits you but does no damage.
Unknown command.
You struggle against the net.
The gnoll hits you but does no damage. x3
You tear a large gash into the net.
The gnoll barely misses you.
The gnoll hits you from afar with a +0 spear.
The gnoll hits you from afar with a +2 spear of freezing.
* * * LOW HITPOINT WARNING * * *
The gnoll freezes you.
* * * LOW HITPOINT WARNING * * *
You rip the net and break free!
The gnoll hits you with a +0 club.
* * * LOW HITPOINT WARNING * * *
The gnoll hits you from afar with a +0 spear.
You die...

#....................
,,, ,
#....................
#....................
#..........#.........
*
#..........#......###
, #.........)#......#
#..........##########
#..............g.....
,
###########(.@.g.....,
,, #..g)......
#.......... ,,
#..........,
#.....(....
########### *


You could see 3 gnolls.

Vanquished Creatures
  2 gnolls
  4 bats (D:1)
  2 endoplasms
  A giant cockroach (D:1)
  3 hobgoblins
  A quokka (D:2)
  3 ball pythons
  6 goblins
  A kobold (D:1)
  3 rats
26 creatures vanquished.

Notes
Turn   | Place    | Note
-------+----------+-------------------------------------------
     0 | D:1      | monsoonserge the Meteoran Fighter began the quest for the
                  | Orb.
     0 | D:1      | Reached XP level 1. HP: 19/19 MP: 2/2
    42 | D:1      | Reached XP level 2. HP: 26/26 MP: 3/3
   364 | D:1      | Reached XP level 3. HP: 31/31 MP: 4/4
   484 | D:1      | Glimpsed the power of Zot.
   722 | D:2      | Reached XP level 4. HP: 23/38 MP: 5/5
   726 | D:2      | Slain by a gnoll

Illustrated notes

Levels and vault maps discovered:
D:1:      minmay_arrival_glassed_features, layout_basic, nicolae_grassy_gnolls
D:2:      layout_basic

Skill      XL: |  1  2  3 |
---------------+----------+-----
Armour         | 4 |  4.6
Axes           | 3 |  3.1
Shields        | 4 |  4.0
Fighting       | |  3.5
Dodging        | |  0.1

Action                     |  1- 3 |  4- 6 || total
---------------------------+-------+-------++-------
  Melee: War axe           |    61 |     2 ||    63
 Armour: Scale mail        |    30 |     5 ||    35
  Dodge: Dodged            |    31 |     2 ||    33
  Block: Buckler           |    19 |     2 ||    21
